 Dungeon Crawl Stone Soup version 0.23.1-37-gaa34b87 (webtiles) character file.

Game seed: 8810098965698263446

5763 Fang the Fighter (level 10, 0/66 HPs)
             Began as a Gargoyle Berserker on Mar 27, 2019.
             Was a High Priest of Trog.
             Slain by an orc warrior
             ... wielding a +0 glaive
              (16 damage)
             ... on level 8 of the Dungeon.
             The game lasted 00:11:10 (9768 turns).

Fang the Fighter (Gargoyle Berserker)               Turns: 9768, Time: 00:11:11

Health: 0/66       AC: 21    Str: 25    XL:     10   Next: 78%
Magic:  10/10      EV: 10    Int:  7    God:    Trog [*****.]
Gold:   588        SH:  0    Dex:  9    Spells: 9/9 levels left

rFire    . . .     SeeInvis .   s - +0 war axe
rCold    . . .     Gourm    .   (no shield)
rNeg     + + .     Faith    .   n - +0 plate armour
rPois    ∞         Spirit   .   (no helmet)
rElec    +         Reflect  .   (no cloak)
rCorr    .         Harm     .   (no gloves)
MR       ++...                  (no boots)
Stlth    ..........             (no amulet)
HPRegen  1.21/turn              p - ring of positive energy
MPRegen  0.12/turn              (no ring)

@: berserk cooldown, regenerating, slowed, very slow
A: negative energy resistance 1, electricity resistance, unbreathing,
petrification resistance, rot immunity, AC +7
a: Berserk, Trog's Hand, Brothers in Arms, Renounce Religion


You were on level 8 of the Dungeon.
You worshipped Trog.
Trog was extremely pleased with you.
You were not hungry.

You visited 2 branches of the dungeon, and saw 10 of its levels.
You also visited: Ossuary.

You collected 588 gold pieces.

Inventory:

Hand Weapons
 r - a +0 trident
 s - a +0 war axe (weapon)
 H - the +2 hand axe "Alaonui" {pain, Str+2 Int+6}
   (You took it off an orc on level 6 of the Dungeon)

   In the hands of one skilled in necromantic magic, it inflicts extra damage on
   living creatures.
   It affects your strength (+2).
   It affects your intelligence (+6).
Armour
 n - a +0 plate armour (worn)
Jewellery
 p - a ring of positive energy (left hand)
 y - a cursed -3 ring of evasion {unknown}
 G - an uncursed ring of wizardry {unknown}
Wands
 a - a wand of polymorph (14)
 l - a wand of iceblast (7)
Scrolls
 d - 5 scrolls of identify {unknown}
 e - 5 scrolls of fear {unknown}
 g - 4 scrolls of teleportation {unknown}
 h - 5 scrolls of amnesia {unknown}
 i - 2 scrolls of blinking {unknown}
 j - 3 scrolls of remove curse {unknown}
 q - 2 scrolls of random uselessness {unknown}
 x - a scroll of enchant weapon {unknown}
 D - 2 scrolls of summoning {unknown}
 E - a scroll of holy word {unknown}
 F - a scroll of immolation {unknown}
Potions
 b - 2 potions of brilliance {unknown}
 f - 5 potions of heal wounds
 k - 2 potions of degeneration {unknown}
 m - a potion of resistance {unknown}
 o - a potion of mutation {unknown}
 t - 3 potions of magic {unknown}
 u - 2 potions of flight {unknown}
 v - a potion of berserk rage {unknown}
 w - a potion of curing
 z - a potion of haste {unknown}
 A - 3 potions of cancellation {unknown}
 B - 3 potions of might
 C - a potion of agility
Comestibles
 c - 17 rations


   Skills:
 + Level 9.3 Fighting
 + Level 7.8 Axes
 + Level 9.0 Armour
 + Level 6.8 Dodging


You had 9 spell levels left.
You didn't know any spells.
Your spell library was empty.

Dungeon Overview and Level Annotations

Branches:
Dungeon (9/15)             Temple (1/1) D:4            Lair (0/6) D:8
    Orc: D:9-12

Altars:
Cheibriados
Dithmenos
Fedhas
Gozag
Hepliaklqana
Makhleb
Okawaru
Qazlal
Ru
Sif Muna
Wu Jian
The Shining One

Shops:
D:6 !


Innate Abilities, Weirdness & Mutations

You are resistant to torment.
Your stone body is resilient. (AC +7)
You are immune to poison.
You resist negative energy. (rN+)
You are resistant to electric shocks. (rElec)
You can survive without breathing.
You are immune to petrification.
You are immune to rotting.


Message History

The orc warrior hits you with a +0 glaive!
You hit the orc warrior.
The orc warrior is moderately wounded.
The orc warrior hits you with a +0 glaive!
* * * LOW HITPOINT WARNING * * *
Your plate armour prevents you from hitting the orc warrior.
The orc warrior is moderately wounded.
You feel the effects of Trog's Hand fading.
The orc warrior barely misses you.
Your skin crawls.
You feel resistant to hostile enchantments.
You feel somewhat more hungry. The orc warrior completely misses you.
The orc warrior hits you with a +0 glaive.
* * * LOW HITPOINT WARNING * * *
You see here a +0 hand axe.
Your troll goes berserk!
You feel somewhat more hungry. The orc warrior closely misses you.
The crimson imp hits you but does no damage.
The orc warrior hits you with a +0 glaive!
You die...

..# ###.#..##..####..##
..###..##..###..##....##
...#..####..##.....##..#
.....## #..###...####.##
#### #...## ##..#...##
##.####..# #....###
#.....## #..##..##
..<....####...T.##
#....###
#..........<...o5##
#..##)#
#............###@†##
##..##.# ##.######....#
##>.###..######
##..#####...##
##..##....##.#
............#
##..####...##
...#........# ##.## ###.#
#####.......## ##..# ##.#
# #........####...#
####..#
#..####.........###)..#.#
##.## ##.......))...#####


You could see an orc warrior, a crimson imp and a friendly troll (berserk).

Vanquished Creatures
  A hippogriff (D:9)
  A wyvern (D:8)
  Edmund (D:6)
  Duvessa (D:4)
  4 porcupines (D:8)
  An orc warrior (D:8)
  2 ice beasts (D:7)
  2 phantoms
  4 sky beasts
  2 black bears (D:8)
  4 ogres
  2 centaurs
  A crocodile (D:8)
  Blork the orc (D:4)
  4 bullfrogs
  A gnoll sergeant (D:8)
  Dowan (D:4)
  5 scorpions
  5 killer bees (D:7)
  4 howler monkeys
  4 wights (D:7)
  7 crimson imps
  3 hounds
  6 orc priests
  2 bullfrog skeletons
  A centaur skeleton (D:5)
  6 iguanas
  9 orc wizards
  Ijyb (D:4)
  Terence (D:2)
  Natasha (thrice) (D:4 D:6)
  10 worker ants
  A hound zombie (D:6)
  2 hound skeletons
  8 mummies (Ossuary)
  A howler monkey zombie (D:7)
  2 worker ant zombies (D:5)
  Robin (D:2)
  4 gnolls
  2 howler monkey skeletons
  14 adders
  An ooze (D:1)
  An adder zombie (D:5)
  2 dart slugs
  7 leopard geckos
  22 orcs
  3 ball pythons
  2 giant cockroaches
  8 hobgoblins
  12 jackals
  4 quokkas
  11 bats
  6 frilled lizards
  14 goblins
  3 hobgoblin zombies (Ossuary)
  9 kobolds
  4 kobold zombies (Ossuary)
  A leopard gecko skeleton (D:8)
  An orc zombie (Ossuary)
  4 rats
  4 fungi (D:8)
  2 plants (D:8)
256 creatures vanquished.

Vanquished Creatures (collateral kills)
  A yak (D:8)
  A bullfrog zombie (D:8)
  An orc priest (D:8)
  An orc wizard (D:8)
  A worker ant (D:8)
  An orc (D:8)
  A fungus (D:8)
  A plant (D:8)
8 creatures vanquished.

Vanquished Creatures (others)
  An orc wizard (D:3)
  6 fungi (D:8)
7 creatures vanquished.

Grand Total: 271 creatures vanquished

Notes
Turn   | Place    | Note
-------+----------+-------------------------------------------
     0 | D:1      | Fang the Gargoyle Berserker began the quest for the Orb.
     0 | D:1      | Reached XP level 1. HP: 14/14 MP: 1/1
   174 | D:1      | Reached XP level 2. HP: 17/19 MP: 2/2
   930 | D:2      | Reached XP level 3. HP: 23/23 MP: 3/3
  1148 | D:2      | Noticed Robin
  1159 | D:2      | Reached XP level 4. HP: 23/29 MP: 4/4
  1163 | D:2      | Reached ** piety under Trog
  1169 | D:2      | Killed Robin
  1212 | D:2      | Noticed Terence
  1225 | D:2      | Killed Terence
  1530 | D:2      | Found a hazy altar of Hepliaklqana.
  1849 | D:2      | Reached XP level 5. HP: 33/33 MP: 5/5
  2139 | D:3      | Found an iron altar of Okawaru.
  2349 | D:3      | Found a deep blue altar of Sif Muna.
  2824 | D:3      | Noticed a sky beast
  2853 | D:3      | Killed a sky beast
  2853 | D:3      | Reached XP level 6. HP: 31/39 MP: 6/6
  3239 | D:4      | Reached skill level 5 in Fighting
  3239 | D:4      | Reached XP level 7. HP: 40/44 MP: 7/7
  3365 | D:4      | Noticed Ijyb
  3370 | D:4      | Reached *** piety under Trog
  3382 | D:4      | Killed Ijyb
  3432 | D:4      | Noticed Duvessa
  3432 | D:4      | Noticed Dowan
  3441 | D:4      | Killed Duvessa
  3449 | D:4      | Killed Dowan
  3449 | D:4      | Reached skill level 5 in Armour
  3494 | D:4      | Noticed Natasha
  3495 | D:4      | Found a shadowy altar of Dithmenos.
  3502 | D:4      | Killed Natasha
  3519 | D:4      | Noticed Blork the orc
  3546 | D:4      | Killed Blork the orc
  3546 | D:4      | Reached XP level 8. HP: 19/51 MP: 8/8
  3852 | D:4      | Found a staircase to the Ecumenical Temple.
  4012 | Temple   | Entered the Ecumenical Temple
  4041 | D:4      | Identified the Disquisition on Combat Magic
  4060 | D:4      | Reached skill level 5 in Axes
  4292 | D:4      | Noticed Natasha
  4305 | D:4      | Killed Natasha
  4383 | D:4      | Noticed Natasha
  4408 | D:5      | Entered Level 5 of the Dungeon
  4779 | D:5      | Found an ornate altar of the Wu Jian Council.
  5293 | D:5      | Found a glowing golden altar of the Shining One.
  5293 | D:5      | Found a sacrificial altar of Ru.
  5392 | D:5      | Found a blossoming altar of Fedhas.
  5500 | D:6      | Killed Natasha
  5557 | D:6      | Noticed Edmund
  5575 | D:6      | Killed Edmund
  5575 | D:6      | Reached **** piety under Trog
  5609 | D:6      | Reached XP level 9. HP: 51/56 MP: 9/9
  5648 | D:6      | Found Heclua's Distillery.
  5664 | D:6      | Reached skill level 5 in Dodging
  5816 | D:6      | You fall through a shaft for 2 floors!
  5816 | D:8      | Found a staircase to the Lair.
  6754 | D:8      | Reached XP level 10. HP: 64/64 MP: 10/10
  6874 | D:8      | Reached ***** piety under Trog
  7850 | D:7      | Found a sand-covered staircase.
  7855 | Ossuary  | Entered an ossuary
  8426 | D:7      | Found an opulent altar of Gozag.
  8493 | D:7      | Found a stormy altar of Qazlal.
  8558 | D:7      | Found a burning altar of Makhleb.
  8837 | D:7      | Found a snail-covered altar of Cheibriados.
  8958 | D:6      | Identified the +2 hand axe "Alaonui" {pain, Str+2 Int+6}
  9095 | D:6      | Found a sacrificial altar of Ru.
  9746 | D:8      | Paralysed by fainting for 8 turns
  9760 | D:8      | HP: 3/66 [orc warrior/+0 glaive (19)]
  9768 | D:8      | Slain by an orc warrior

Skill      XL: |  1  2  3  4  5  6  7  8  9 10 |
---------------+-------------------------------+-----
Axes           | 3 4 5 6 7 |  7.8
Dodging        | 2 3 4 5 6 |  6.8
Armour         | 3 4 5 6 7 9 |  9.0
Fighting       | 4 5 6 8 9 |  9.3

Action                   |  1- 3 |  4- 6 |  7- 9 | 10-12 || total
-------------------------+-------+-------+-------+-------++-------
Melee: Hand axe          |    92 |   153 |       |       ||   245
       War axe           |       |    92 |   359 |   376 ||   827
       Trident           |       |    16 |       |       ||    16
       Unarmed           |       |       |     4 |       ||     4
Invok: Berserk           |     1 |     2 |     5 |     2 ||    10
       Brothers in Arms  |       |       |     1 |     1 ||     2
       Trog's Hand       |       |       |       |     3 ||     3
  Use: Potion            |       |       |       |     2 ||     2
 Stab: Sleeping          |     1 |       |       |       ||     1
       Paralysed         |       |       |       |     1 ||     1
  Eat: Chunk             |     1 |     9 |    15 |     9 ||    34
       Ration            |       |       |       |     2 ||     2
Armor: Animal skin       |    39 |    17 |       |       ||    56
       Plate armour      |       |   204 |   325 |   339 ||   868
Dodge: Dodged            |    84 |   118 |   161 |   258 ||   621
